AoeStats
← WhiteBr0nc0

Black Forest

506276036Analyzed
4v4 RM · 19d ago on Sep 13, 2026· 50m 11s· 8 players
Game mode
Random Map
Map size
Large (8 player)
Population
200
Speed
Normal
Resources
Standard
Victory
Conquest
Starting age
Dark Age
Ending age
Imperial Age
RankedLock teamsTeams togetherTeam positionsShared explorationLock speedFull tech treeHidden civsTurbo modeCheats
Victory
Defeat
🇧🇷 Britons · Brazil
1119
+11
🇦🇷 Bohemians · Argentina
1018
+14
993
+15
🇺🇸 Saracens · United States
960
+17
🇲🇽 Italians · Mexico
1220
-23
🇨🇱 Cumans · Chile
974
-14
🇨🇱 Dravidians · Chile
925
-12
🇨🇱 Teutons · Chile
824
-16
WhiteBr0nc0
0:45 Loom
12:21 Feudal Age
16:01 Castle Age
15:15 Horse Collar
15:42 Double-Bit Axe
21:28 Wheelbarrow
23:36 Bow Saw
24:01 Heavy Plow
24:44 Gold Mining
24:45 Stone Mining
26:11 Hand Cart
31:17 Imperial Age
30:01 Scale Barding Armor
30:06 Forging
31:02 Bloodlines
30:53 Husbandry
31:18 Chain Barding Armor
32:07 Iron Casting
32:12 Town Watch
32:49 Conscription
31:53 Elite Mameluke
33:15 Plate Barding Armor
32:05 Heavy Camel Rider
34:06 Two-Man Saw
35:09 Blast Furnace
36:25 Caravan
45:37 Counterweights
Hicox
1:37 Loom
11:46 Feudal Age
17:21 Castle Age
16:15 Town Watch
16:22 Town Watch
17:22 Horse Collar
17:28 Double-Bit Axe
18:32 Heavy Plow
21:12 Wheelbarrow
22:25 Bow Saw
26:13 Town Patrol
28:24 Wagenburg Tactics
28:44 Hand Cart
35:08 Redemption
39:15 Imperial Age
41:00 Conscription
42:14 Two-Man Saw
43:09 Chemistry
42:57 Siege Engineers
43:47 Elite Hussite Wagon
46:43 Houfnice
Propaganda Eleitoral Irregular
6:45 Loom
11:55 Feudal Age
17:30 Castle Age
18:42 Bloodlines
19:21 Double-Bit Axe
19:20 Horse Collar
23:58 Bow Saw
26:51 Wheelbarrow
27:51 Heavy Plow
28:06 Scale Barding Armor
28:08 Husbandry
31:00 Corvinian Army
40:38 Imperial Age
38:51 Thumb Ring
39:28 Chain Barding Armor
38:59 Fletching
39:10 Scale Mail Armor
41:30 Recurve Bow
46:36 Bodkin Arrow
46:42 Padded Archer Armor
47:18 Plate Barding Armor
Heldblaser
3:30 Loom
12:14 Feudal Age
12:54 Double-Bit Axe
16:36 Castle Age
14:48 Double-Bit Axe
15:05 Horse Collar
17:41 Bow Saw
23:53 Heavy Plow
25:24 Wheelbarrow
26:29 Fletching
29:16 Hand Cart
29:39 Town Watch
30:07 Bodkin Arrow
32:56 Imperial Age
30:22 Gold Mining
30:24 Stone Mining
31:02 Bodkin Arrow
33:08 Ballistics
33:04 Padded Archer Armor
33:55 Yeomen
33:00 Crossbowman
33:43 Bracer
34:44 Chemistry
34:39 Masonry
34:07 Arbalester
36:29 Leather Archer Armor
38:28 Ring Archer Armor
38:50 Siege Engineers
40:39 Conscription
40:15 Elite Skirmisher
44:58 Two-Man Saw
48:43 Gold Shaft Mining
Baxmetal
8:29 Loom
10:41 Feudal Age
16:15 Castle Age
15:25 Double-Bit Axe
22:31 Bow Saw
31:25 Gold Mining
33:42 Murder Holes
33:38 Heated Shot
34:02 Fortified Wall
41:26 Pikeman
42:06 Squires
45:10 Fletching
45:23 Scale Mail Armor
45:33 Forging
javitox
2:33 Loom
11:46 Feudal Age
13:10 Wheelbarrow
12:29 Double-Bit Axe
16:08 Horse Collar
22:33 Arson
22:44 Town Watch
25:08 Fletching
26:27 Gold Mining
26:28 Stone Mining
26:58 Scale Mail Armor
29:01 Forging
33:44 Castle Age
34:50 Hand Cart
34:33 Bodkin Arrow
35:13 Iron Casting
34:54 Chain Mail Armor
34:48 Scale Barding Armor
34:21 Pikeman
35:02 Squires
35:01 Capped Ram
37:39 Bow Saw
37:44 Heavy Plow
38:16 Caravan
39:37 Chain Barding Armor
41:00 Ballistics
40:35 Murder Holes
40:51 Masonry
42:25 Bloodlines
43:07 Steppe Husbandry
45:45 Imperial Age
47:30 Blast Furnace
47:05 Plate Barding Armor
46:04 Elite Steppe Lancer
47:10 Conscription
46:59 Cuman Mercenaries
El Chili
0:27 Loom
13:50 Feudal Age
21:50 Castle Age
21:23 Stone Mining
21:16 Horse Collar
21:22 Double-Bit Axe
26:12 Forging
26:03 Scale Mail Armor
27:11 Fortified Wall
27:33 Pikeman
37:45 Iron Casting
37:25 Chain Mail Armor
37:17 Squires
BeuN AZRAEL
11:24 Feudal Age
15:21 Castle Age
14:10 Double-Bit Axe
16:54 Bow Saw
17:40 Horse Collar
22:13 Heavy Plow
23:15 Wheelbarrow
23:36 Gold Mining
25:05 Hand Cart
24:37 Loom
29:12 Imperial Age
26:44 Stone Mining
26:47 Fletching
26:57 Padded Archer Armor
28:13 Ballistics
27:35 Treadmill Crane
27:53 Bodkin Arrow
27:47 Town Watch
28:20 Crossbowman
29:06 Thumb Ring
30:12 Bracer
30:27 Leather Archer Armor
31:15 Chemistry
31:48 Stone Shaft Mining
31:28 Town Patrol
31:49 Arbalester
33:03 Conscription
37:06 Ring Archer Armor
38:42 Scale Barding Armor
38:48 Forging
43:45 Bloodlines
43:36 Husbandry
Connection lost

Rejoining the realm…

Still unreachable

The connection could not be restored.

Session expired

The server has moved on; the page needs a fresh start.